 Dungeon Crawl Stone Soup version 0.30-a0-358-g0d69a1922f (webtiles) character file.

Game seed: 1211216267869001199

6 mopl the Sneak (level 1, -2/16 HPs)
             Began as an Octopode Delver on Nov 9, 2022.
             Succumbed to a scorpion's poison
             ... on level 5 of the Dungeon.
             The game lasted 00:00:32 (124 turns).

mopl the Sneak (Octopode Delver)                     Turns: 124, Time: 00:00:32

Health: -2/16      AC:  1    Str: 11    XL:     1   Next: 90%
Magic:  1/1        EV: 13    Int: 12    God:
Gold:   0          SH:  0    Dex: 13    Spells: 0/0 levels left

rFire   . . .      SeeInvis .    a - +0 mace
rCold   . . .      Faith    .    (no shield)
rNeg    . . .      Spirit   .    (helmet restricted)
rPois   .          Reflect  .    (no amulet)
rElec   .          Harm     .    (no ring)
rCorr   .          Rampage  .    (no ring)
Will    .....                    (no ring)
Stlth   ++++......               (no ring)
HPRegen 0.22/turn                (no ring)
MPRegen 0.07/turn                (no ring)
                                 (no ring)
                                 (no ring)

@: lethally poisoned (-2 -> -11)
A: almost no armour, amphibious, 8 rings, camouflage 1, gelatinous body 1,
(nimble swimmer 1), tentacles
a: no special abilities


You were on level 5 of the Dungeon.
You visited 1 branch of the dungeon, and saw 1 of its levels.

Inventory:

Hand Weapons
 a - a +0 mace (weapon)
Wands
 f - a wand of digging (3)
Scrolls
 b - a scroll of fog
 c - a scroll of magic mapping
 d - a scroll of fear
 g - a scroll of teleportation {unknown}
Potions
 e - a potion of haste


   Skills:
 + Level 3.0 Fighting
 - Level 2.0 Maces & Flails
 + Level 2.1 Dodging
 + Level 6.7 Stealth
 + Level 0.3 Spellcasting
 + Level 0.4 Evocations


You couldn't memorise any spells.
You didn't know any spells.
Your spell library was empty.

Dungeon Overview and Level Annotations

Branches:
Dungeon (5/15)
 Temple: D:4-7

Altars:


Innate Abilities, Weirdness & Mutations

You cannot wear most types of armour.
You are amphibious.
You can wear up to eight rings at the same time.
Your skin changes colour to match your surroundings (Stealth+).
Your rubbery body absorbs attacks. (AC +1, EV +1)
((You are camouflaged when in or above water. (Stealth+)))
You have tentacles for arms and can constrict up to eight enemies at once.


Message History

You see here a +0 hand axe.
g - a scroll labelled ITEUGE ANGU You see here a +0 hand axe.
Things that are here:
a +0 dagger; an orc corpse
Things that are here:
a +0 dagger; an orc corpse You see here a +0 hand axe.
Found a scroll labelled OVIPAIDUGE.
Found a stone staircase leading down.
The scorpion stings you.
You hit the scorpion. Your grab misses the scorpion.
The scorpion is moderately wounded.
The scorpion barely misses you. The scorpion stings you.
You are poisoned.
The scorpion poisons you!
You hit the scorpion. You grab the scorpion. You squeeze the scorpion.
The scorpion is almost dead.
You constrict the scorpion, but do no damage.
You feel very sick. The scorpion closely misses you. The scorpion misses you.
You are too injured to fight recklessly!
You are too injured to fight recklessly!
You completely miss the scorpion.
You squeeze the scorpion, but do no damage.
The scorpion is almost dead.
You constrict the scorpion, but do no damage.
You feel sick. The scorpion stings you.
* * * LOW HITPOINT WARNING * * *
You are lethally poisoned!
The scorpion poisons you!
You barely miss the scorpion.
You squeeze the scorpion, but do no damage.
The scorpion is almost dead.
You constrict the scorpion, but do no damage.
* * * LOW HITPOINT WARNING * * *
You feel very sick. The scorpion misses you. The scorpion barely misses you.
You hit the scorpion.
You kill the scorpion!
You die...

#..########
##.#.......### #.
#>.#.......... ...
##.#........# ##..#
###..)........####....>
##...)##................
(.....##.).....##.......
.#######.......##...?...
.# #........@....... .#
#.......##..$.... ##
######### ....... #
....... ....... .......
....... .......


There were no monsters in sight!

Vanquished Creatures
  A scorpion (D:5)
  3 orcs (D:5)
4 creatures vanquished.

Notes
Turn   | Place    | Note
-------+----------+-------------------------------------------
     0 | D:5      | mopl the Octopode Delver began the quest for the Orb.
     0 | D:5      | Reached XP level 1. HP: 16/16 MP: 1/1
     7 | D:5      | Noticed a scorpion
   124 | D:5      | Killed a scorpion
   124 | D:5      | Succumbed to a scorpion's poison

Illustrated notes

Levels and vault maps discovered:
D:5:      layout_rooms, nicolae_elyvilon_temple_path, temple_doors_e,
          uniq_duvessa

Action                   || total
-------------------------++-------
Melee: Mace              ||    14
       Tentacles         ||     5
       Constrict         ||     3
Armor: Skin              ||     1
Dodge: Dodged            ||    10

Table legend: (Time is in decaauts)
 A = Elapsed time spent in this place.
 B = Non-inter-level travel time spent in this place.
 C = Inter-level travel time spent in this place.
 D = Time resting spent in this place.
 E = Time spent auto-exploring this place.
 F = Levels seen in this place.
 G = Mean time per level.
                   A        B        C        D        E       F      G
               +--------+--------+--------+--------+--------+-----+--------+
         Total |    127 |    127 |      0 |     40 |     19 |   1 |  127.0 |
       Dungeon |    127 |    127 |      0 |     40 |     19 |   1 |  127.0 |
               +--------+--------+--------+--------+--------+-----+--------+

Top non-repeatable levels by time:
     D:5: 127 daAuts
